 Dungeon Crawl Stone Soup version 0.28.0 (webtiles) character file.

Game seed: 16442751685024518488

74 HallandMoats the Skirmisher (level 4, 0/36 HPs)
             Began as a Demonspawn Monk on Feb 6, 2022.
             Slain by Sigmund (10 damage)
             ... on level 2 of the Dungeon.
             The game lasted 00:01:53 (2160 turns).

HallandMoats the Skirmisher (Demonspawn Monk)       Turns: 2160, Time: 00:01:53

Health: 0/36       AC: 13    Str: 14    XL:     4   Next: 9%
Magic:  5/5        EV:  4    Int: 11    God:
Gold:   93         SH:  0    Dex: 15    Spells: 3/3 levels left

rFire   + . .      SeeInvis .     - Unarmed
rCold   . . .      Faith    .   (no shield)
rNeg    + + .      Spirit   .   c - +2 plate armour {Will+}
rPois   .          Reflect  .   (helmet restricted)
rElec   .          Harm     .   (no cloak)
rCorr   +          Rampage  .   (no gloves)
Will    +....                   h - +0 pair of boots
Stlth   ..........              (no amulet)
HPRegen 0.12/turn               e - ring of positive energy
MPRegen 0.09/turn               j - ring of the Hart {Drain rF+ rN+ rCorr Stlth+}

@: no status effects
A: horns 1, foul stench 1, powered by death 1
a: no special abilities


You were on level 2 of the Dungeon.
You visited 1 branch of the dungeon, and saw 2 of its levels.

You collected 93 gold pieces.

Inventory:

Armour
 c - a +2 plate armour of willpower (worn)
 h - a +0 pair of boots (worn)
Jewellery
 e - a ring of positive energy (left hand)
 j - the ring of the Hart (right hand) {Drain rF+ rN+ rCorr Stlth+}
   (You found it on level 2 of the Dungeon)

   [ring of positive energy]

   rF:        It protects you from fire.
   rN:        It protects you from negative energy.
   rCorr:     It protects you from acid and corrosion.
   Drain:     It drains your maximum health when unequipped.
   Stlth:     It makes you more stealthy.
Scrolls
 d - a scroll of teleportation {unknown}
 f - a scroll of noise {unknown}
 g - 2 scrolls of identify {unknown}
 i - a scroll of magic mapping {unknown}
Potions
 a - a potion of mutation {unknown}
 b - a potion of ambrosia {unknown}


   Skills:
 * Level 3.6 Fighting
 + Level 0.9 Armour
 + Level 3.0 Dodging
 - Level 1.7 Stealth
 * Level 3.3 Unarmed Combat
 + Level 1.9 Invocations


You had 3 spell levels left.
You didn't know any spells.
Your spell library contained the following spells:

 Spells                   Type           Power      Damage    Failure   Level
 Static Discharge         Conj/Air       0%         N/A       100%        2
 Stone Arrow              Conj/Erth      0%         3d7       100%        3
 Animate Armour           Summ/Erth      0%         N/A       100%        4
 Lightning Bolt           Conj/Air       0%         1d11      100%        5
 Lehudib's Crystal Spear  Conj/Erth      0%         10d2      100%        8
 Maxwell's Capacitive Co  Air            0%         ∞         100%        8


Dungeon Overview and Level Annotations

Branches:
Dungeon (2/15)

Altars:

Annotations:
D:2 Sigmund


Innate Abilities, Weirdness & Mutations

You have a pair of small horns on your head.
You may rarely emit foul miasma when damaged in melee.
You regenerate a little health from kills.


Message History

j - the ring of the Hart (right hand) {Drain rF+ rN+ rCorr Stlth+} The goblin hits you but does no damage.
You hit the goblin.
You kill the goblin!
No target in view!
No target in view!
No target in view!
No target in view!
You see here a +0 dagger.
Something hits you but does no damage.
You closely miss something. You miss something. Your headbutt misses something.
Something hits you but does no damage.
You closely miss something. Something hits you but does no damage.
You closely miss something. You headbutt something. You miss something.
Something hits you.
You barely miss something. You barely miss something. You headbutt something.
Something completely misses you.
You hit something but do no damage. Something hits you but does no damage.
You barely miss something. You hit something.
Something hits you but does no damage.
You hit something. Your headbutt misses something.
You hear some strange, mumbled words.
A magic dart appears from out of thin air!
The magic dart hits you.
You closely miss something. Your headbutt misses something. Something hits you!
You barely miss something. You miss something.
Something hits you but does no damage.
You closely miss something. Your headbutt misses something.
You closely miss something. Something hits you!
* * * LOW HITPOINT WARNING * * *
You closely miss something. Something hits you but does no damage.
You miss something. Your headbutt misses something. You closely miss something.
Your headbutt misses something. Your punch misses something.
Something hits you but does no damage.
You hit something but do no damage.
Unknown command.
You barely miss something. Something hits you!
You die...

####
####..................#.....
#..................#.....
#......#...........#.....
#......########.<###.....
#......# ##.# #.....
#......# #.# ####.# #......#
#.. #......##########.#
#......)@{......
.................
....###.......... ....
#.......... ... #..........
.. #.......... #..........
#..........


There were no monsters in sight!

Vanquished Creatures
  3 adders (D:2)
  2 worms (D:2)
  A dart slug (D:2)
  2 ball pythons (D:1)
  3 endoplasms (D:1)
  2 giant cockroaches (D:1)
  3 goblins
  A hobgoblin (D:1)
  2 jackals (D:2)
  2 kobolds (D:1)
  2 quokkas
  4 bats
  3 frilled lizards
  11 rats
41 creatures vanquished.

Notes
Turn   | Place    | Note
-------+----------+-------------------------------------------
     0 | D:1      | HallandMoats the Demonspawn Monk began the quest for the
                  | Orb.
     0 | D:1      | Reached XP level 1. HP: 18/18 MP: 1/1
   323 | D:1      | Gained mutation: You may rarely emit foul miasma when
                  | damaged in melee. [demonic ancestry]
   323 | D:1      | Reached XP level 2. HP: 23/24 MP: 2/2
   456 | D:1      | Reached skill level 1 in Invocations
  1290 | D:2      | Gained mutation: You regenerate a little health from kills.
                  | [demonic ancestry]
  1290 | D:2      | Reached XP level 3. HP: 29/29 MP: 3/3
  1969 | D:2      | Gained mutation: You have a pair of small horns on your
                  | head. [demonic ancestry]
  1969 | D:2      | Reached XP level 4. HP: 33/36 MP: 5/5
  2030 | D:2      | Identified the ring of the Hart {Drain rF+ rN+ rCorr
                  | Stlth+}
  2135 | D:2      | Noticed Sigmund
  2160 | D:2      | Slain by Sigmund

Illustrated notes

Levels and vault maps discovered:
D:1:      saegor_arrival_simple_c, layout_loops_corners
D:2:      layout_basic, minmay_rat_gold_closets, uniq_sigmund

Skill      XL: |  1  2  3  4 |
---------------+-------------+-----
Invocations    | 1 |  1.9
Unarmed Combat | 3 |  3.3
Dodging        | 3 |  3.0
Fighting       | |  3.6
Armour         | |  0.9
Stealth        | |  1.7

Action                   |  1- 3 |  4- 6 || total
-------------------------+-------+-------++-------
Melee: Unarmed           |   156 |    30 ||   186
       Punch             |     5 |       ||     5
       Headbutt          |       |     3 ||     3
Armor: Robe              |     2 |       ||     2
       Ring mail         |     1 |       ||     1
       Plate armour      |   109 |    15 ||   124
Dodge: Dodged            |    32 |     2 ||    34
